 Dungeon Crawl Stone Soup version 0.17.0-9-g801d43b (console) character file.

35 gw the Poker (level 3, -9/28 HPs)
             Began as a Merfolk Gladiator on Nov 9, 2015.
             Mangled by a gnoll
             ... wielding a +0 halberd
              (13 damage)
             ... on level 2 of the Dungeon.
             The game lasted 00:01:03 (1022 turns).

gw the Poker (Merfolk Gladiator)                    Turns: 1022, Time: 00:01:03

Health: -9/28      AC:  6    Str: 15    XL:     3   Next: 35%
Magic:  3/3        EV: 12    Int:  7    God:
Gold:   79         SH:  0    Dex: 15    Spells: 0 memorised, 2 levels left

rFire  . . .     SeeInvis .     a - +0 trident
rCold  . . .     Clarity  .     f - +0 ring mail
rNeg   . . .     SustAt   .     (no shield)
rPois  .         Gourm    .     c - +0 helmet
rElec  .         Spirit   .     (no cloak)
rCorr  .         Warding  .     (no gloves)
rMut   .         Stasis   .     (no boots)
MR     .....                    (no amulet)
Stlth  +.........               (no ring)
                                (no ring)

@: not resistant to hostile enchantments, very unstealthy
A: change form in water, swift swim
a: no special abilities


You were on level 2 of the Dungeon.
You were not hungry.

You visited 1 branch of the dungeon, and saw 2 of its levels.

You collected 79 gold pieces.

Inventory:

Hand Weapons
 a - a +0 trident (weapon)
Missiles
 b - 45 stones (quivered)
 d - 3 throwing nets
Armour
 c - a +0 helmet (worn)
 f - a +0 ring mail (worn)
Comestibles
 e - a bread ration


   Skills:
 + Level 2.6 Fighting
 * Level 5.4 Polearms
 + Level 2.2 Throwing
 + Level 4.2 Dodging


You had 2 spell levels left.
You didn't know any spells.

Dungeon Overview and Level Annotations

Branches:
Dungeon (2/15)

Altars:
Elyvilon


Message History

Unknown command.
Unknown command.
Unknown command.
Unknown command.
MOVING TO (-1,0)
The gnoll hits you but does no damage. The gnoll barely misses you.
Unknown command.
Unknown command.
Unknown command.
ATTACK MOVE TO (1,0)
The gnoll completely misses you. The gnoll hits you with a halberd.
The gnoll hits you with an enchanted halberd.
Unknown command.
Unknown command.
Unknown command.
Unknown command.
MOVING TO (-1,0)
The gnoll completely misses you. The gnoll barely misses you.
The gnoll hits you from afar with a halberd!
You die...

#....##.######.#
#.......##.....#
#..#.##.##.###.#
#.......# #..#
#.##............
#.#........#####
#.#.###.#.. ....
###g......#.##
###
#m.g.....#... #
#.#g#.#.!.... #
...#.#.# #.... #
...###.#.. ... #
#### #.#### . #
#....# # ####.#
# #.# # #.######
#


You could see 3 gnolls.

Table legend:
 A = Turns spent in this place as a percentage of turns spent in the entire game.
 B = Non-inter-level travel turns spent in this place as a percentage of non-inter-level travel turns spent in the entire game.
 C = Inter-level travel turns spent in this place as a percentage of turns spent in this place.
 D = Turns resting spent in this place as a percentage of non-inter-level travel turns spent in this place.
 E = Turns spent auto-exploring this place as a percentage of non-inter-level travel turns spent in this place.
 F = Non-inter-level travel turns spent in this place divided by the number of levels of this place that you've seen.
                   A       B       C       D       E      F
               +-------+-------+-------+-------+-------+----------------------
         Total | 100.0 | 100.0 |   0.1 |   0.6 |   2.5 | 774.5
       Dungeon | 100.0 | 100.0 |   0.1 |   0.6 |   2.5 | 774.5
               +-------+-------+-------+-------+-------+----------------------

Table legend:
 A = Kills in this place as a percentage of kills in entire the game.
 B = Kills by you in this place as a percentage of kills by you in the entire game.
 C = Kills by friends in this place as a percentage of kills by friends in the entire game.
 D = Other kills in this place as a percentage of other kills in the entire game.
 E = Experience gained in this place as a percentage of experience gained in the entire game.
 F = Experience gained in this place divided by the number of levels of this place that you have seen.
                   A       B       C       D       E      F
               +-------+-------+-------+-------+-------+----------------------
         Total | 100.0 | 100.0 |  -nan |  -nan | 100.0 |  25.5
       Dungeon | 100.0 | 100.0 |  -nan |  -nan | 100.0 |  25.5
               +-------+-------+-------+-------+-------+----------------------

Vanquished Creatures
  An adder (D:2)
  A giant gecko (D:1)
  3 bats
  3 giant cockroaches (D:1)
  A hobgoblin (D:1)
  5 jackals (D:1)
  4 giant newts (D:1)
  3 goblins (D:1)
  A rat (D:1)
22 creatures vanquished.

Notes
Turn   | Place    | Note
--------------------------------------------------------------
     0 | D:1      | gw the Merfolk Gladiator began the quest for the Orb.
     0 | D:1      | Reached XP level 1. HP: 16/16 MP: 1/1
    87 | D:1      | Reached XP level 2. HP: 14/23 MP: 2/2
   720 | D:1      | Reached skill level 5 in Polearms
   725 | D:1      | Reached XP level 3. HP: 28/28 MP: 3/3
   896 | D:2      | Found a white marble altar of Elyvilon.
  1022 | D:2      | Mangled by a gnoll

Action                   || total
-------------------------++-------
Melee: Trident           ||    61
Throw: Stone             ||    11

Vault maps used:
D:1:      matt_arrival_grand_opening, minmay_misc_feat_plants
D:2:      lemuel_crystal_altar, old_standard_altar
